 Dungeon Crawl Stone Soup version 0.22.1-6-g1668fe2c40 (webtiles) character file.

28 Descartes the Insei (level 3, 0/23 HPs)
             Began as an Octopode Transmuter on Feb 2, 2019.
             Slain by a gnoll (7 damage)
             ... on level 1 of the Dungeon.
             The game lasted 00:03:17 (1622 turns).

Descartes the Insei (Octopode Transmuter)           Turns: 1622, Time: 00:03:18

Health: 0/23       AC:  1    Str:  9    XL:     3   Next: 12%
Magic:  6/6        EV: 13    Int: 16    God:
Gold:   31         SH:  0    Dex: 12    Spells: 3/6 levels left

rFire    . . .     SeeInvis .     - Unarmed
rCold    . . .     Gourm    .   (no shield)
rNeg     . . .     Faith    .   (helmet restricted)
rPois    .         Spirit   .   (no amulet)
rElec    .         Reflect  .   (no ring)
rCorr    .         Harm     .   (no ring)
MR       .....                  (no ring)
Stlth    ++........             (no ring)
HPRegen  0.07/turn              (no ring)
MPRegen  0.10/turn              (no ring)
                                (no ring)
                                (no ring)

@: no status effects
A: almost no armour, stealthy swim, amphibious, 8 rings, constrict 8, camouflage
1, gelatinous body 1
a: no special abilities


You were on level 1 of the Dungeon.
You were not hungry.

You visited 1 branch of the dungeon, and saw 2 of its levels.

You collected 31 gold pieces.

Inventory:

Missiles
 a - 45 arrows
 b - 12 poisoned needles (quivered)
 e - 36 stones
Scrolls
 h - a scroll of remove curse {unknown}
Potions
 f - a potion of curing {unknown}
 g - a potion of degeneration {unknown}
Comestibles
 c - a ration


   Skills:
 + Level 1.3 Fighting
 + Level 2.2 Dodging
 * Level 3.4 Unarmed Combat
 + Level 2.1 Spellcasting
 * Level 2.5 Transmutations


You had 3 spell levels left.
You knew the following spells:

 Your Spells              Type           Power        Failure   Level  Hunger
a - Beastly Appendage     Tmut           #.....       8%          1    #......
b - Sticks to Snakes      Tmut           #.......     11%         2    ###....

Your spell library contained the following spells:

 Spells                   Type           Power        Failure   Level  Hunger
 Spider Form              Tmut/Pois      #.........   36%         3    ###....
 Ice Form                 Ice/Tmut       #.......     77%         4    #####..
 Blade Hands              Tmut           #.........   90%         5    ######.


Dungeon Overview and Level Annotations

Branches:
Dungeon (2/15)

Altars:


Innate Abilities, Weirdness & Mutations

You cannot wear most types of armour.
You are very stealthy in the water. (Stealth+)
You are amphibious.
You can wear up to eight rings at the same time.
You can use your tentacles to constrict eight enemies at once.
Your skin changes colour to match your surroundings (Stealth+).
Your rubbery body absorbs attacks. (AC +1, EV +1)


Message History

Aim: a gnoll, wielding a halberd You toss away a poisoned needle.
The poisoned needle barely misses the gnoll.
The poisoned needle hits the dart slug.
The gnoll hits you but does no damage.
A kobold comes into view. It is wielding a club.
The frilled lizard misses you.
The gnoll hits you from afar with a halberd!
The gnoll hits you.
You climb upwards.
There is a stone staircase leading down here.
The frilled lizard barely misses you.
You closely miss the frilled lizard. You grab the frilled lizard.
You constrict the frilled lizard.
You kill the frilled lizard!
You tentacle-slap the gnoll but do no damage.
You grab the gnoll. You constrict the gnoll. The gnoll hits you!
You tentacle-slap the gnoll.
The gnoll is moderately wounded.
You constrict the gnoll. The gnoll hits you!
You die...

.......................)#########
.##########.###########..........
.# ##.## ########... .# ##...##
#.## .# ####.....# #.#. .#
#........# ##### #######
.#####.##...>.# #...###...###
..............#######.⌠.....⌠....
...............g@...#...###...###
#.##...#####.#########.## ##### #
#.##[### #.# #...###...### #.##.#
#.# #.⌠.....⌠....
#.##.#######.###### #...###...###
#.................# ##### ##### #
####..###########.# #...###...###
# #..# #.# #.⌠.....⌠.... # #..#
#.# #.^.###...###


You could see a gnoll.

Vanquished Creatures
  3 leopard geckos (D:1)
  A giant cockroach (D:1)
  A goblin (D:1)
  3 hobgoblins (D:1)
  3 jackals (D:1)
  7 bats (D:1)
  2 frilled lizards (D:1)
  3 kobolds (D:1)
  A rat (D:1)
24 creatures vanquished.

Notes
Turn   | Place    | Note
-------+----------+-------------------------------------------
     0 | D:1      | Descartes the Octopode Transmuter began the quest for the
                  | Orb.
     0 | D:1      | Reached XP level 1. HP: 13/13 MP: 3/3
   504 | D:1      | Reached XP level 2. HP: 16/18 MP: 3/5
   518 | D:1      | Learned a level 2 spell: Sticks to Snakes
  1325 | D:1      | Reached XP level 3. HP: 17/23 MP: 6/6
  1622 | D:1      | Slain by a gnoll

Action                   || total
-------------------------++-------
Melee: Unarmed           ||    52
       Constrict         ||    18
       Tentacles         ||     8
       Kick              ||     3
 Cast: Beastly Appendage ||     1
 Stab: Sleeping          ||     3
  Eat: Chunk             ||     2
Armor: Skin              ||     6
Dodge: Dodged            ||    33
